AoeStats
← Sebjjkz7

Black Forest

510925768Analyzed
4v4 RM · 21h ago on Oct 3, 2026· 48m 28s· 8 players
Game mode
Random Map
Map size
Large (8 player)
Population
200
Speed
Normal
Resources
Standard
Victory
Conquest
Starting age
Dark Age
Ending age
Imperial Age
RankedLock teamsTeams togetherTeam positionsShared explorationLock speedFull tech treeHidden civsTurbo modeCheats
Victory
Defeat
🇦🇷 Turks · Argentina
961
+8
🇦🇷 Georgians · Argentina
822
+13
🇵🇪 Byzantines · Peru
790
+14
🇦🇷 Spanish · Argentina
693
+18
🇷🇺 Khmer · Russia
839
-17
🇧🇷 Burgundians · Brazil
746
-13
🇧🇷 Bohemians · Brazil
727
-12
🇲🇽 Persians · Mexico
709
-11
Stian_sv
0:56 Loom
12:45 Feudal Age
13:12 Double-Bit Axe
13:08 Horse Collar
14:06 Wheelbarrow
14:34 Man-at-Arms
16:32 Gold Mining
22:06 Castle Age
21:57 Stone Mining
23:23 Hand Cart
23:21 Bow Saw
23:14 Heavy Plow
26:45 Crossbowman
27:31 Padded Archer Armor
28:49 Gold Shaft Mining
28:50 Stone Shaft Mining
33:58 Scale Barding Armor
34:04 Forging
34:49 Thumb Ring
38:12 Imperial Age
35:25 Treadmill Crane
35:42 Murder Holes
35:57 Fortified Wall
37:32 Iron Casting
37:17 Chain Barding Armor
37:13 Leather Archer Armor
37:15 Greek Fire
36:47 Pikeman
37:28 Squires
37:13 Arson
38:39 Scale Mail Armor
39:03 Ballistics
39:55 Chemistry
38:17 Elite Cataphract
40:05 Crop Rotation
40:38 Two-Man Saw
41:46 Plate Barding Armor
41:26 Chain Mail Armor
41:30 Logistica
43:50 Halberdier
48:03 Fletching
48:44 Ring Archer Armor
48:44 Plate Mail Armor
El Flaco Del Oeste
10:50 Feudal Age
11:18 Double-Bit Axe
12:32 Fishing Lines
19:11 Wheelbarrow
21:02 Castle Age
20:14 Wheelbarrow
20:00 Stone Mining
20:04 Gold Mining
22:15 Bow Saw
23:36 Gold Shaft Mining
25:51 Gillnets
26:43 Hand Cart
32:19 Imperial Age
29:37 Loom
34:28 Two-Man Saw
33:50 Artillery
34:02 Heated Shot
34:33 Ballistics
35:23 Conscription
39:37 Fletching
39:47 Padded Archer Armor
42:18 Bodkin Arrow
42:38 Leather Archer Armor
Sebjjkz7
4:30 Loom
14:04 Feudal Age
21:46 Double-Bit Axe
21:44 Horse Collar
30:55 Castle Age
32:04 Heavy Plow
39:30 Scale Barding Armor
39:36 Forging
51:32 Imperial Age
[MSBY] AlanSSJ3
0:42 Loom
17:05 Feudal Age
17:56 Horse Collar
18:04 Double-Bit Axe
26:57 Castle Age
37:26 Stone Mining
39:17 Scale Barding Armor
42:37 Wheelbarrow
42:53 Heavy Plow
43:50 Forging
44:00 Chain Barding Armor
44:50 Bow Saw
44:32 Gold Mining
49:03 Imperial Age
46:50 Hand Cart
48:47 Stone Shaft Mining
48:20 Caravan
Carpeado BR
0:28 Loom
16:59 Feudal Age
17:16 Man-at-Arms
19:22 Gold Mining
21:07 Wheelbarrow
25:42 Arson
30:54 Fishing Lines
31:06 Double-Bit Axe
31:23 Fletching
38:17 Castle Age
37:13 Gillnets
40:33 Bodkin Arrow
40:45 Husbandry
40:08 Cavalier
42:38 Scale Barding Armor
42:44 Forging
44:21 Chain Barding Armor
45:46 Squires
47:27 Gold Shaft Mining
46:43 Stone Mining
48:52 Iron Casting
shprot
12:35 Feudal Age
12:23 Loom
16:46 Castle Age
17:07 Horse Collar
17:15 Double-Bit Axe
28:46 Wheelbarrow
30:41 Hand Cart
32:08 Town Watch
32:24 Heavy Plow
32:35 Bow Saw
32:17 Gold Mining
32:22 Stone Mining
33:35 Tusk Swords
37:41 Imperial Age
35:12 Town Patrol
35:32 Caravan
36:27 Bloodlines
36:17 Husbandry
39:42 Cavalier
42:39 Cavalier
44:10 Conscription
43:12 Elite Ballista Elephant
43:52 Double Crossbow
Ghutz
3:35 Loom
17:14 Feudal Age
19:25 Wheelbarrow
22:19 Man-at-Arms
26:06 Castle Age
31:46 Imperial Age
37:18 Chemistry
36:29 Horse Collar
39:36 Hand Cart
39:07 Loom
39:07 Town Watch
41:02 Double-Bit Axe
42:30 Conscription
Rompe--Anos
0:28 Loom
20:02 Feudal Age
24:14 Castle Age
22:33 Double-Bit Axe
35:56 Bow Saw
39:53 Imperial Age
Connection lost

Rejoining the realm…

Still unreachable

The connection could not be restored.

Session expired

The server has moved on; the page needs a fresh start.